 Dungeon Crawl Stone Soup version 0.28-a0-1412-gf95308ed99 (webtiles) character file.

Game seed: 14293386932836587746

72 enile the Sneak (level 4, -5/31 HPs)
             Began as an Octopode Brigand on Jan 6, 2022.
             Was a Believer of Nemelex Xobeh.
             Slain by Grinder (8 damage)
             ... while paralysed by Grinder
             ... on level 3 of the Dungeon.
             The game lasted 00:02:33 (2745 turns).

enile the Sneak (Octopode Brigand)                  Turns: 2745, Time: 00:02:34

Health: -5/31      AC:  1    Str: 12    XL:     4   Next: 25%
Magic:  4/4        EV:  2    Int: 13    God:    Nemelex Xobeh [**....]
Gold:   100        SH:  0    Dex: 13    Spells: 3/3 levels left

rFire   . . .      SeeInvis .   a - +2 dagger
rCold   . . .      Faith    .   (no shield)
rNeg    . . .      Spirit   .   (helmet restricted)
rPois   .          Reflect  .   (no amulet)
rElec   .          Harm     .   (no ring)
rCorr   .          Rampage  .   (no ring)
Will    .....                   (no ring)
Stlth   ++++......              (no ring)
HPRegen 0.10/turn               (no ring)
MPRegen 0.09/turn               (no ring)
                                (no ring)
                                (no ring)

@: paralysed
A: almost no armour, amphibious, 8 rings, camouflage 1, gelatinous body 1,
(nimble swimmer 1), tentacles
a: Renounce Religion, Draw Escape, Draw Destruction, Draw Summoning


You were on level 3 of the Dungeon.
You worshipped Nemelex Xobeh.
Nemelex Xobeh was pleased with you.
You visited 1 branch of the dungeon, and saw 3 of its levels.

You collected 100 gold pieces.

Inventory:

Hand Weapons
 a - a +2 dagger (weapon)
Missiles
 b - 8 poisoned darts (quivered)
 c - 2 curare-tipped darts
 e - a throwing net
Wands
 l - a wand of iceblast (2)
Scrolls
 d - a scroll of magic mapping {unknown}
 g - 4 scrolls of fog {unknown}
 h - a scroll of immolation {unknown}
 j - a scroll of teleportation {unknown}
 k - 2 scrolls of identify {unknown}
 m - a scroll of holy word {unknown}
Potions
 f - a potion of attraction {unknown}
 i - a potion of haste {unknown}


   Skills:
 - Level 3.0 Fighting
 - Level 3.0 Short Blades
 - Level 2.0 Throwing
 - Level 1.0 Dodging
 - Level 6.0 Stealth
 + Level 1.0 Invocations


You had 3 spell levels left.
You didn't know any spells.
Your spell library contained the following spells:

 Spells                   Type           Power      Damage    Failure   Level
 Call Canine Familiar     Summ           0%         N/A       67%         3
 Portal Projectile        Hex/Tloc       0%         N/A       67%         3
 Leda's Liquefaction      Hex/Erth       0%         N/A       97%         4


Dungeon Overview and Level Annotations

Branches:
Dungeon (3/15)

Altars:
Cheibriados
Gozag
Nemelex Xobeh

Annotations:
D:3 Grinder


Innate Abilities, Weirdness & Mutations

You cannot wear most types of armour.
You are amphibious.
You can wear up to eight rings at the same time.
Your skin changes colour to match your surroundings (Stealth+).
Your rubbery body absorbs attacks. (AC +1, EV +1)
((You are camouflaged when in or above water. (Stealth+)))
You have tentacles for arms and can constrict up to eight enemies at once.


Message History

You kill the frilled lizard!
b - 8 poisoned darts (gained 1)
Things that are here:
a +0 whip; a kobold corpse
Found a stone staircase leading down.
A rat comes into view.
You barely miss the rat. You grab the rat. You constrict the rat.
The rat bites you.
You hit the rat.
You kill the rat!
Your Invocations skill increases to level 1!
No target in view!
No target in view!
No target in view!
You see here a rat corpse.
Grinder comes into view.
Found a stone staircase leading up.
Grinder is nearby!
Grinder is nearby!
Grinder is nearby!
Found a snail-covered altar of Cheibriados.
Found a scroll labelled SEUSIU YVURR.
Found an opulent altar of Gozag.
Grinder shouts!
Grinder hits you.
You closely miss Grinder. Your grab misses Grinder.
You hit Grinder but do no damage. You grab Grinder.
Your squeeze misses Grinder.
You constrict Grinder, but do no damage.
Grinder gestures at you.
You suddenly lose the ability to move!
You lose your grip on Grinder.
Grinder says, "There's only one good use for a tongue: cutting it out."
Grinder hits you!
You writhe in agony.
Grinder hits you!
* * * LOW HITPOINT WARNING * * *
You writhe in agony.
* * * LOW HITPOINT WARNING * * *
Grinder hits you!
You die...
Your body glows slightly and disappears.

..#. ..⌠._#.#.....#...
....?#....#.###.......
..... .P._#.#.........
....##P.##.#.........
.####...#.##............
............#...........
............#...........
......<.................
.......@................
......5.................
.......................
................##....
...........#..###
...###........# ...
.........# ..
#.........#


You could see Grinder.

Vanquished Creatures
  An adder (D:2)
  A dart slug (D:2)
  4 endoplasms
  2 giant cockroaches
  5 hobgoblins
  6 jackals
  2 quokkas
  10 ball pythons
  6 bats
  5 frilled lizards
  3 goblins
  5 kobolds
  5 rats
55 creatures vanquished.

Notes
Turn   | Place    | Note
-------+----------+-------------------------------------------
     0 | D:1      | enile the Octopode Brigand began the quest for the Orb.
     0 | D:1      | Reached XP level 1. HP: 14/14 MP: 1/1
   396 | D:1      | You fall into a shaft and drop 1 floor!
   432 | D:2      | Reached XP level 2. HP: 20/20 MP: 2/2
   675 | D:2      | Found a faded altar of an unknown god.
   700 | D:2      | Prayed at the altar of an unknown god.
   700 | D:2      | Became a worshipper of Nemelex Xobeh the Trickster
   700 | D:2      | Reached * piety under Nemelex Xobeh
   841 | D:2      | Reached XP level 3. HP: 26/26 MP: 3/3
   892 | D:1      | Received a gift from Nemelex Xobeh
  1399 | D:1      | Reached ** piety under Nemelex Xobeh
  1600 | D:1      | Received a gift from Nemelex Xobeh
  2008 | D:2      | Reached XP level 4. HP: 31/31 MP: 4/4
  2222 | D:2      | Reached skill level 6 in Stealth
  2721 | D:3      | Reached skill level 1 in Invocations
  2734 | D:3      | Noticed Grinder
  2738 | D:3      | Found a snail-covered altar of Cheibriados.
  2740 | D:3      | Found an opulent altar of Gozag.
  2742 | D:3      | Paralysed by Grinder for 7 turns
  2745 | D:3      | Slain by Grinder

Illustrated notes

Levels and vault maps discovered:
D:1:      eino_arrival_cavern_a, layout_basic, minmay_statues_item,
          minmay_shallow_snake_nest
D:2:      layout_loops_corners, chequers_ecumenical_altar_twisty,
          serial_bayou_ford_a, minivault_26
D:3:      layout_basic, nicolae_overflow_hallway_of_the_gods,
          gammafunk_temple_overflow_forgotten, gammafunk_ghost_nasty_kobolds,
          uniq_grinder

Skill      XL: |  1  2  3  4 |
---------------+-------------+-----
Fighting       | 3 |  3.0
Short Blades   | 3 |  3.0
Stealth        | 6 |  6.0
Invocations    | 1 |  1.0
Throwing       | |  2.0
Dodging        | |  1.0

Action                   |  1- 3 |  4- 6 || total
-------------------------+-------+-------++-------
Melee: Dagger            |    78 |    25 ||   103
       Constrict         |    17 |     6 ||    23
       Tentacles         |     9 |     2 ||    11
Throw: Dart              |       |     1 ||     1
 Stab: Sleeping          |    12 |     2 ||    14
Armor: Skin              |    11 |     2 ||    13
Dodge: Dodged            |    40 |     7 ||    47

Table legend: (Time is in decaauts)
 A = Elapsed time spent in this place.
 B = Non-inter-level travel time spent in this place.
 C = Inter-level travel time spent in this place.
 D = Time resting spent in this place.
 E = Time spent auto-exploring this place.
 F = Levels seen in this place.
 G = Mean time per level.
                   A        B        C        D        E       F      G
               +--------+--------+--------+--------+--------+-----+--------+
         Total |   2731 |   2584 |    147 |      0 |   2216 |   3 |  910.3 |
       Dungeon |   2731 |   2584 |    147 |      0 |   2216 |   3 |  910.3 |
               +--------+--------+--------+--------+--------+-----+--------+

Top non-repeatable levels by time:
     D:1: 1396 daAuts
     D:2: 1020 daAuts
     D:3: 314 daAuts
